A+ - U26
COCOA FLYERS @ TRAVERSE CITY PIT SPITTERS
06/02/2053
 
TOP OF THE 1ST
Bradenton Marauders batting - Pitching for Lakeland Flying Tigers : LHP Pedro Benavides
Pitching: LHP Pedro Benavides
Batting: LHB Mário Santana 0-0: Swinging Strike
0-1: Ball
1-1: Fly out, F7 (Flyball, 78D, EV 96.3 MPH)
Batting: LHB Scott Murphy 0-0: Swinging Strike
0-1: Ground out 4-3 (Groundball, 4, EV 100.0 MPH)
Batting: LHB Victor Dozal 0-0: Swinging Strike
0-1: DOUBLE (Line Drive, 89D, EV 105.6 MPH)
Batting: RHB Joshua Dieffenbach 0-0: Ball
1-0: Called Strike
1-1: Foul Ball, location: 7LSF
1-2: Strikes out swinging
Top of the 1st over - 0 runs, 1 hit, 0 errors, 1 left on base; Bradenton 0 - Lakeland 0
BOTTOM OF THE 1ST
Lakeland Flying Tigers batting - Pitching for Bradenton Marauders : RHP Llewellyn Choy
Pitching: RHP Llewellyn Choy
Batting: RHB Marlin Armor 0-0: Ball
1-0: Foul Ball, location: 2F
1-1: Hit by Pitch
Batting: LHB Vic Howard 0-0: Ball
1-0: Swinging Strike
1-1: Called Strike
1-2: Ball
2-2: Fielders Choice at 2nd, 5-4 (Groundball, 5D, EV 103.1 MPH)
Batting: LHB Marc Tuttle 0-0: Fielders Choice at 2nd, 5-4 (Groundball, 56, EV 81.9 MPH)
Batting: RHB António Fernandez 0-0: Ball
1-0: Foul Ball, location: 23F
1-1: Called Strike
Marc Tuttle steals 2nd base
1-2: Fly out, F9 (Flyball, 9LM, EV 101.9 MPH)
Bottom of the 1st over - 0 runs, 0 hits, 0 errors, 1 left on base; Bradenton 0 - Lakeland 0
TOP OF THE 2ND
Bradenton Marauders batting - Pitching for Lakeland Flying Tigers : LHP Pedro Benavides
Batting: RHB Rudolf Benton 0-0: Ground out 6-3 (Groundball, 6M, EV 81.9 MPH)
Batting: LHB Cleary Dujardin 0-0: Called Strike
0-1: Foul Ball, location: 2F
0-2: Strikes out looking
Batting: RHB Wesley Cromwell 0-0: Ball
1-0: Ball
2-0: Ball
3-0: Called Strike
3-1: Foul Ball, location: 7LMF
3-2: SINGLE (Line Drive, 34D, EV 107.5 MPH)
Batting: RHB Earl Griffith 0-0: Called Strike
0-1: Swinging Strike
0-2: Ball
1-2: Ball
2-2: Ball
3-2: Base on Balls
Wesley Cromwell to second
Batting: RHB Trent Whipple 0-0: Ball
1-0: Fielders Choice at 2nd, 6-4 (Groundball, 6, EV 80.6 MPH)
Top of the 2nd over - 0 runs, 1 hit, 0 errors, 2 left on base; Bradenton 0 - Lakeland 0
BOTTOM OF THE 2ND
Lakeland Flying Tigers batting - Pitching for Bradenton Marauders : RHP Llewellyn Choy
Batting: RHB Nick Chandler 0-0: Ball
1-0: Called Strike
1-1: Foul Ball, location: 2F
1-2: Foul Ball, location: 5F
1-2: Ball
2-2: DOUBLE (Line Drive, 8RXD, EV 106.3 MPH)
Batting: RHB Frank Hurtado 0-0: Called Strike
0-1: Ball
1-1: Swinging Strike
1-2: Ball
2-2: Hit by Pitch
Batting: SHB Aiden Sahlberg 0-0: Hit by Pitch
Nick Chandler to third
Frank Hurtado to second
Batting: SHB Isaac O'Hare 0-0: Called Strike
0-1: Swinging Strike
0-2: Foul Ball, location: 2RF
0-2: Hit by Pitch
Nick Chandler scores
Frank Hurtado to third
Aiden Sahlberg to second
Batting: RHB Bill Marsh 0-0: Swinging Strike
0-1: Ball
1-1: Fielders Choice at 2nd, 4-6 (Groundball, 4, EV 88.8 MPH)
Frank Hurtado scores
Aiden Sahlberg to third
Batting: RHB Marlin Armor 0-0: Ball
1-0: Ball
2-0: Ball
3-0: Base on Balls
Bill Marsh to second
Batting: LHB Vic Howard 0-0: Ball
1-0: Fielders Choice at 2nd, 3-6 (Groundball, 34, EV 84.4 MPH)
Aiden Sahlberg scores
Bill Marsh to third
Batting: LHB Marc Tuttle 0-0: Ball
1-0: Called Strike
1-1: Fly out, F7 (Line Drive, 78M, EV 102.5 MPH)
Bottom of the 2nd over - 3 runs, 1 hit, 0 errors, 2 left on base; Bradenton 0 - Lakeland 3
TOP OF THE 3RD
Bradenton Marauders batting - Pitching for Lakeland Flying Tigers : LHP Pedro Benavides
Batting: LHB Mário Santana 0-0: Ball
1-0: Foul Ball, location: 2F
1-1: Ground out 4-3 (Groundball, 4, EV 79.4 MPH)
Batting: LHB Scott Murphy 0-0: Called Strike
0-1: Ground out 4-3 (Groundball, 4, EV 88.1 MPH)
Batting: LHB Victor Dozal 0-0: Ball
1-0: Ground out 1-3 (Groundball, 13S, EV 68.8 MPH)
Top of the 3rd over - 0 runs, 0 hits, 0 errors, 0 left on base; Bradenton 0 - Lakeland 3
BOTTOM OF THE 3RD
Lakeland Flying Tigers batting - Pitching for Bradenton Marauders : RHP Llewellyn Choy
Batting: RHB António Fernandez 0-0: Fly out, F9 (Flyball, 9LD, EV 99.4 MPH)
Batting: RHB Nick Chandler 0-0: Ground out 4-3 (Groundball, 4, EV 88.8 MPH)
Batting: RHB Frank Hurtado 0-0: Ball
1-0: Called Strike
1-1: SINGLE (Groundball, 34D, EV 100.0 MPH)
Batting: SHB Aiden Sahlberg 0-0: Called Strike
0-1: Ball
1-1: Ball
2-1: Called Strike
2-2: Foul Ball, location: 7LDF
2-2: Strikes out swinging
Bottom of the 3rd over - 0 runs, 1 hit, 0 errors, 1 left on base; Bradenton 0 - Lakeland 3
TOP OF THE 4TH
Bradenton Marauders batting - Pitching for Lakeland Flying Tigers : LHP Pedro Benavides
Batting: RHB Joshua Dieffenbach 0-0: SINGLE (Groundball, 4MD, EV 104.4 MPH) (infield hit)
Batting: RHB Rudolf Benton 0-0: Foul Ball, location: 2F
0-1: Ball
1-1: Called Strike
1-2: Foul Ball, location: 2F
1-2: Ball
2-2: Ball
3-2: Foul Ball, location: 2F
3-2: Ground out 4-3 (Groundball, 34, EV 97.5 MPH)
Joshua Dieffenbach to second
Batting: LHB Cleary Dujardin 0-0: Called Strike
0-1: Called Strike
0-2: Strikes out swinging
Batting: RHB Wesley Cromwell 0-0: Ball
1-0: Foul Ball, location: 2F
1-1: Ball
2-1: Ball
3-1: Foul Ball, location: 5FF
3-2: Foul Ball, location: 9LDF
3-2: Base on Balls
Batting: RHB Earl Griffith 0-0: Ball
1-0: Hit by Pitch
Joshua Dieffenbach to third
Wesley Cromwell to second
Batting: RHB Trent Whipple 0-0: Ball
1-0: Foul Ball, location: 9LDF
1-1: Called Strike
1-2: Foul Ball, location: 7LDF
1-2: Foul Ball, location: 2F
1-2: Foul Ball, location: 2LF
1-2: Fly out, F8 (Flyball, 78M, EV 95.6 MPH)
Top of the 4th over - 0 runs, 1 hit, 0 errors, 3 left on base; Bradenton 0 - Lakeland 3
BOTTOM OF THE 4TH
Lakeland Flying Tigers batting - Pitching for Bradenton Marauders : RHP Llewellyn Choy
Batting: SHB Isaac O'Hare 0-0: Called Strike
0-1: Called Strike
0-2: Ball
1-2: Ball
2-2: Foul Ball, location: 5F
2-2: Strikes out swinging
Batting: RHB Bill Marsh 0-0: Ball
1-0: Called Strike
1-1: Foul Ball, location: 3F
1-2: Ball
2-2: Ground out U3 (Groundball, 13, EV 92.5 MPH)
Batting: RHB Marlin Armor 0-0: Ball
1-0: Ball
2-0: Called Strike
2-1: Fly out, F9 (Line Drive, 89D, EV 89.4 MPH)
Bottom of the 4th over - 0 runs, 0 hits, 0 errors, 0 left on base; Bradenton 0 - Lakeland 3
TOP OF THE 5TH
Bradenton Marauders batting - Pitching for Lakeland Flying Tigers : LHP Pedro Benavides
Batting: LHB Mário Santana 0-0: Called Strike
0-1: Called Strike
0-2: Strikes out swinging
Batting: LHB Scott Murphy 0-0: Ball
1-0: Ball
2-0: Ball
3-0: Base on Balls
Batting: LHB Victor Dozal 0-0: Ball
Pickoff Throw to First - Out! 1-3
1-0: Called Strike
1-1: Ball
2-1: Ball
3-1: Swinging Strike
3-2: Ground out 4-3 (Groundball, 34D, EV 85.6 MPH)
Top of the 5th over - 0 runs, 0 hits, 0 errors, 0 left on base; Bradenton 0 - Lakeland 3
BOTTOM OF THE 5TH
Lakeland Flying Tigers batting - Pitching for Bradenton Marauders : RHP Llewellyn Choy
Batting: LHB Vic Howard 0-0: Ball
1-0: Ball
2-0: Ball
3-0: Called Strike
3-1: SINGLE (Line Drive, 9LS, EV 110.0 MPH)
Batting: LHB Marc Tuttle 0-0: Swinging Strike
0-1: Ball
1-1: 2-RUN HOME RUN (Flyball, 78XD, EV 98.1 MPH), Distance : 406 ft
Batting: RHB António Fernandez 0-0: Foul Ball, location: 2F
0-1: Foul Ball, location: 7LDF
0-2: Fly out, F8 (Flyball, 8LD, EV 100.6 MPH)
Batting: RHB Nick Chandler 0-0: Called Strike
0-1: Ground out 3-1 (Groundball, 34, EV 106.3 MPH)
Batting: RHB Frank Hurtado 0-0: Foul Ball, location: 7LDF
0-1: Called Strike
0-2: Ball
1-2: Ball
2-2: Foul Ball, location: 2F
2-2: Fly out, F8 (Flyball, 78D, EV 94.4 MPH)
Bottom of the 5th over - 2 runs, 2 hits, 0 errors, 0 left on base; Bradenton 0 - Lakeland 5
TOP OF THE 6TH
Bradenton Marauders batting - Pitching for Lakeland Flying Tigers : LHP Pedro Benavides
Batting: RHB Joshua Dieffenbach 0-0: SINGLE (Line Drive, 7S, EV 102.5 MPH)
Batting: RHB Rudolf Benton 0-0: Ball
1-0: Called Strike
Joshua Dieffenbach is caught stealing 2nd base 2-4
1-1: Foul Ball, location: 2F
1-2: Ball
2-2: Ground out 4-3 (Groundball, 4, EV 82.5 MPH)
Batting: LHB Cleary Dujardin 0-0: Ball
1-0: Fly out, F3 (Line Drive, 3L, EV 65.6 MPH)
Top of the 6th over - 0 runs, 1 hit, 0 errors, 0 left on base; Bradenton 0 - Lakeland 5
BOTTOM OF THE 6TH
Lakeland Flying Tigers batting - Pitching for Bradenton Marauders : RHP Llewellyn Choy
Batting: SHB Aiden Sahlberg 0-0: Called Strike
0-1: Ball
1-1: Foul Ball, location: 2F
1-2: Foul Ball, location: 2F
1-2: Ground out 4-3 (Groundball, 4, EV 86.9 MPH)
Batting: SHB Isaac O'Hare 0-0: Called Strike
0-1: Ball
1-1: Ball
2-1: Ball
3-1: Base on Balls
Batting: RHB Bill Marsh 0-0: Foul Ball, location: 23FF
0-1: Foul Ball, location: 9LDF
0-2: Ball
1-2: Ball
2-2: Fly out, F4 (Popup, 34, EV 65.0 MPH)
Batting: RHB Marlin Armor 0-0: Foul Ball, location: 2F
0-1: Reached on error, E5 (Groundball, 5, EV 83.8 MPH)
Isaac O'Hare to second
Batting: LHB Vic Howard 0-0: Ball
1-0: Ball
2-0: Called Strike
2-1: Ground out 4-3 (Groundball, 34, EV 101.3 MPH)
Bottom of the 6th over - 0 runs, 0 hits, 1 error, 2 left on base; Bradenton 0 - Lakeland 5
TOP OF THE 7TH
Bradenton Marauders batting - Pitching for Lakeland Flying Tigers : LHP Pedro Benavides
Pitching: RHP Zé Castro
Batting: RHB Wesley Cromwell 0-0: Ball
1-0: SINGLE (Line Drive, 8RS, EV 93.8 MPH)
Batting: RHB Earl Griffith 0-0: Ball
1-0: Ball
2-0: SINGLE (Line Drive, 89M, EV 90.6 MPH)
Wesley Cromwell to second
Batting: RHB Trent Whipple 0-0: Ball
1-0: Foul Ball, location: 7LMF
1-1: Ball
2-1: Ball
3-1: Foul Ball, location: 2RF
3-2: Strikes out swinging
Batting: LHB Mário Santana 0-0: Ball
1-0: Called Strike
1-1: Foul Ball, location: 2F
1-2: Fielders Choice at 2nd, 3-6 (Groundball, 34S, EV 79.4 MPH)
Wesley Cromwell to third
Pitching: LHP Mário Jaquez
Batting: LHB Scott Murphy 0-0: SINGLE (Line Drive, 8RS, EV 91.3 MPH)
Wesley Cromwell scores
Mário Santana to second
Batting: LHB Victor Dozal 0-0: SINGLE (Flyball, 8LS, EV 87.5 MPH)
Mário Santana to third
Scott Murphy to second
Runner from 3rd tries for Home, SAFE, throw by CF to home
Batting: RHB Joshua Dieffenbach 0-0: Ball
1-0: SINGLE (Flyball, 8LM, EV 96.3 MPH)
Scott Murphy to third
Victor Dozal to second
Runner from 3rd tries for Home, SAFE, throw by CF to home
Batting: RHB Rudolf Benton 0-0: Fly out, F9 (Flyball, 9LM, EV 86.9 MPH)
Top of the 7th over - 3 runs, 5 hits, 0 errors, 2 left on base; Bradenton 3 - Lakeland 5
BOTTOM OF THE 7TH
Lakeland Flying Tigers batting - Pitching for Bradenton Marauders : RHP Llewellyn Choy
Pitching: LHP Crispin Nelson
Batting: LHB Marc Tuttle 0-0: Called Strike
0-1: Foul Ball, location: 2F
0-2: SOLO HOME RUN (Flyball, 7LD, EV 95.6 MPH), Distance : 353 ft
Batting: RHB António Fernandez 0-0: Called Strike
0-1: Foul Ball, location: 5SF
0-2: Foul Ball, location: 7LMFF
0-2: Ball
1-2: Ball
2-2: Strikes out looking
Batting: RHB Nick Chandler 0-0: Called Strike
0-1: Ball
1-1: Foul Ball, location: 2RF
1-2: Ball
2-2: Ball
3-2: Base on Balls
Batting: RHB Frank Hurtado 0-0: Called Strike
0-1: Ball
1-1: Ball
2-1: Fly out, F9 (Flyball, 9, EV 91.9 MPH)
Batting: SHB Aiden Sahlberg 0-0: Ball
1-0: Called Strike
1-1: Foul Ball, location: 2F
1-2: Ball
Nick Chandler steals 2nd base
2-2: Foul Ball, location: 3F
2-2: Ball
3-2: Foul Ball, location: 2F
3-2: Base on Balls
Batting: SHB Isaac O'Hare 0-0: Called Strike
0-1: Fly out, F8 (Line Drive, 8RM, EV 92.5 MPH)
Bottom of the 7th over - 1 run, 1 hit, 0 errors, 2 left on base; Bradenton 3 - Lakeland 6
TOP OF THE 8TH
Bradenton Marauders batting - Pitching for Lakeland Flying Tigers : LHP Mário Jaquez
Now at 1B: Levi Desrochers
Now in RF: Nick Chandler
Batting: LHB Cleary Dujardin 0-0: Swinging Strike
0-1: Foul Ball, location: 2F
0-2: Ball
1-2: DOUBLE (Line Drive, 78D, EV 103.1 MPH)
Batting: RHB Wesley Cromwell 0-0: Ball
1-0: Called Strike
1-1: Ball
2-1: Swinging Strike
2-2: Ball
3-2: Foul Ball, location: 2F
3-2: Base on Balls
Batting: RHB Earl Griffith 0-0: Ball
1-0: Ball
2-0: Ball
3-0: Base on Balls
Cleary Dujardin to third
Wesley Cromwell to second
Batting: RHB Trent Whipple 0-0: Ball
1-0: Foul Ball, location: 2F
1-1: Ball
2-1: Foul Ball, location: 5F
2-2: Strikes out looking
Pinch Hitting: RHB Anthony Hansbrough 0-0: Ball
1-0: Called Strike
1-1: Called Strike
1-2: Strikes out looking
Batting: LHB Scott Murphy 0-0: Called Strike
0-1: Foul Ball, location: 2F
0-2: Ball
1-2: Ball
2-2: Ball
3-2: Base on Balls
Cleary Dujardin scores
Wesley Cromwell to third
Earl Griffith to second
Pitching: LHP Érico Suero
Batting: LHB Victor Dozal 0-0: Fly out, F9 (Flyball, 89M, EV 90.6 MPH)
Top of the 8th over - 1 run, 1 hit, 0 errors, 3 left on base; Bradenton 4 - Lakeland 6
BOTTOM OF THE 8TH
Lakeland Flying Tigers batting - Pitching for Bradenton Marauders : LHP Crispin Nelson
Now in LF: Anthony Hansbrough
Now in CF: Joshua Dieffenbach
Batting: RHB Bill Marsh 0-0: Foul Ball, location: 23FF
0-1: Called Strike
0-2: Ground out 5-3 (Groundball, 56S, EV 94.4 MPH)
Batting: RHB Marlin Armor 0-0: Ball
1-0: Called Strike
1-1: Ball
2-1: Ground out 5-3 (Groundball, P, EV 85.6 MPH)
Batting: LHB Vic Howard 0-0: Ball
1-0: Ball
2-0: Foul Ball, location: 2F
2-1: Fly out, F7 (Flyball, 7LM, EV 93.1 MPH)
Bottom of the 8th over - 0 runs, 0 hits, 0 errors, 0 left on base; Bradenton 4 - Lakeland 6
TOP OF THE 9TH
Bradenton Marauders batting - Pitching for Lakeland Flying Tigers : LHP Érico Suero
Pitching: RHP Terrance Zimmerman
Batting: RHB Joshua Dieffenbach 0-0: Called Strike
0-1: Ground out U3 (Groundball, 3, EV 102.5 MPH)
Batting: RHB Rudolf Benton 0-0: Foul Ball, location: 2F
0-1: Ball
1-1: Foul Ball, location: 5FF
1-2: Ball
2-2: Strikes out swinging
Batting: LHB Cleary Dujardin 0-0: Ball
1-0: Called Strike
1-1: Swinging Strike
1-2: Ball
2-2: Foul Ball, location: 7LDF
2-2: Ground out 3-1 (Groundball, 34, EV 96.9 MPH)
Top of the 9th over - 0 runs, 0 hits, 0 errors, 0 left on base; Bradenton 4 - Lakeland 6
Tuesday, May 28th , 2024 - OOTP Baseball 25.5 Build 67